AoeStats
← 海峡

Hideout

508780260Analyzed
1v1 RM · 9d ago on Sep 24, 2026· 25m 58s· 2 players
Game mode
Random Map
Map size
Tiny (2 player)
Population
200
Speed
Normal
Resources
Standard
Victory
Conquest
Starting age
Dark Age
Ending age
Imperial Age
RankedLock teamsTeams togetherTeam positionsShared explorationLock speedFull tech treeHidden civsTurbo modeCheats
Victory
Defeat
🇨🇳 Saxons · China
1568
+19
🇨🇳 Vikings · China
1624
-19
AOE | Wu
8:54 Feudal Age
10:04 Double-Bit Axe
11:04 Loom
13:59 Castle Age
14:57 Bow Saw
15:29 Bow Saw
15:01 Horse Collar
15:22 Gold Mining
18:52 Fletching
19:09 Crossbowman
20:56 Bodkin Arrow
22:47 Wheelbarrow
22:30 Padded Archer Armor
24:46 Scale Mail Armor
24:56 Forging
25:29 Thumb Ring
25:43 Squires
海峡
7:48 Loom
10:13 Feudal Age
10:01 Loom
10:47 Double-Bit Axe
15:02 Castle Age
13:05 Horse Collar
15:18 Stone Mining
15:23 Gold Mining
19:43 Bow Saw
20:35 Scale Mail Armor
20:42 Devotion
24:22 Squires
Connection lost

Rejoining the realm…

Still unreachable

The connection could not be restored.

Session expired

The server has moved on; the page needs a fresh start.